 Dungeon Crawl Stone Soup version 0.17-a0-1572-g7a1422d (webtiles) character file.

112 karlkraus the Sneak (level 4, -1/30 HPs)
             Began as an Octopode Assassin on July 26, 2015.
             Slain by karlkraus's ghost (6 damage)
             ... on level 3 of the Dungeon.
             The game lasted 00:11:16 (2578 turns).

karlkraus the Sneak (Octopode Assassin)             Turns: 2578, Time: 00:11:16

Health: -1/30      AC:  1    Str: 10    XL:     4   Next: 93%
Magic:  13/13      EV: 12    Int: 13    God:
Gold:   115        SH:  0    Dex: 14    Spells: 0 memorised, 3 levels left

rFire  + . .     SeeInvis .     a - +2 dagger
rCold  . . .     Clarity  .     (no shield)
rNeg   . . .     SustAt   .     (helmet restricted)
rPois  .         Gourm    .     (no amulet)
rElec  .         Spirit   .     f - ring of protection from fire
rCorr  .         Warding  .     h - ring of magical power
rMut   .         Stasis   .     k - ring of wizardry
MR     .....                    (no ring)
Stlth  +++++.....               (no ring)
                                (no ring)
                                (no ring)
                                (no ring)

@: not resistant to hostile enchantments, quite stealthy
A: almost no armour, amphibious, 8 rings, constrict 8, camouflage 1, gelatinous
body 1
a: no special abilities


You were on level 3 of the Dungeon.
You were not hungry.

You visited 1 branch of the dungeon, and saw 4 of its levels.

You collected 115 gold pieces.

Inventory:

Hand weapons
 a - a +2 dagger (weapon)
 b - a +0 blowgun
Missiles
 c - a poisoned needle
 l - 2 curare-tipped needles
Jewellery
 f - a ring of protection from fire (left tentacle)
 h - a ring of magical power (right tentacle)
 k - a ring of wizardry (on tentacle)
Magical devices
 d - a wand of flame (20)
Scrolls
 g - a scroll of teleportation {unknown}
 j - 2 scrolls of remove curse {unknown}
 n - a scroll of enchant weapon {unknown}
 o - a scroll of magic mapping {unknown}
Comestibles
 i - 2 meat rations


   Skills:
 + Level 2.3 Fighting
 + Level 2.4 Short Blades
 + Level 2.8 Throwing
 + Level 1.2 Dodging
 + Level 7.2 Stealth


You had 3 spell levels left.
You didn't know any spells.

Dungeon Overview and Level Annotations

Branches:
Dungeon (4/15)
 Temple: D:4-7

Altars:
Ashenzari
Elyvilon

Annotations:
D:3 karlkraus's ghost, average OpAs


Innate Abilities, Weirdness & Mutations

You cannot wear most types of armour.
You are amphibious.
You can wear up to eight rings at the same time.
You can use your tentacles to constrict eight enemies at once.
Your skin changes colour to match your surroundings (Stealth).
Your rubbery body absorbs attacks (AC +1).


Message History

Karlkraus's ghost is lightly damaged.
Karlkraus's ghost closely misses you.
You hit karlkraus's ghost.
Karlkraus's ghost is lightly damaged.
The rat bites you. Karlkraus's ghost misses you.
You closely miss karlkraus's ghost.
Karlkraus's ghost is lightly damaged.
The rat misses you.
You hit karlkraus's ghost.
Karlkraus's ghost is lightly damaged.
Karlkraus's ghost hits you. The rat bites you.
You hit karlkraus's ghost.
Karlkraus's ghost is moderately damaged.
Karlkraus's ghost hits you.
* * * LOW HITPOINT WARNING * * *
The rat completely misses you.
You hit karlkraus's ghost but do no damage.
Karlkraus's ghost is moderately damaged.
Karlkraus's ghost hits you.
You die...

##.####### ###
# # # #.. .. #
#.# ##.# #.#
.... ##.##
#... ... ....
#W###.### #...
# #@.......
....
#.##r###.##.
#...
#...........
...?
#.##.###.#..
.... ##..#.##
.... #......#
# ##..
###.#..##.#.#.
##..
#.#.........
....
#.#..##.#.#.
##..


You could see karlkraus's ghost and a rat.

Vanquished Creatures
  3 gnolls (D:2)
  2 adders (D:2)
  An ooze (D:1)
  2 worms (D:2)
  A giant gecko (D:1)
  4 bats
  3 giant cockroaches
  5 goblins
  8 hobgoblins
  5 jackals
  A quokka (D:2)
  A ball python (D:2)
  3 giant newts
  9 kobolds
  4 rats
52 creatures vanquished.

Notes
Turn   | Place    | Note
--------------------------------------------------------------
     0 | D:1      | karlkraus the Octopode Assassin began the quest for the Orb.
     0 | D:1      | Reached XP level 1. HP: 14/14 MP: 1/1
   127 | D:1      | Reached XP level 2. HP: 8/19 MP: 2/2
   256 | D:1      | Reached skill level 6 in Stealth
   459 | D:1      | Reached XP level 3. HP: 24/24 MP: 3/3
  1081 | D:2      | Reached XP level 4. HP: 14/29 MP: 4/4
  1147 | D:2      | Reached skill level 7 in Stealth
  1284 | D:2      | Found a white marble altar of Elyvilon.
  1769 | D:2      | Found a shattered altar of Ashenzari.
  2119 | D:3      | Noticed karlkraus's ghost (average OpAs)
  2578 | D:3      | Slain by karlkraus's ghost

Vault maps used:
D:1:      erik_arrival_blinker_ship
D:2:      old_standard_altar, nicolae_ashenzari_panopticon
D:3:      lemuel_coloured_pillars_altar, first_bread, ecumenical_altar_1
D:4:      vehumet_altar_wand_db, gammafunk_temple_overflow_pools,
          old_standard_altar, minmay_temple_entry_mist, portal_sewer_entry_e,
          uniq_blork_the_orc

Action                   |  1- 3 |  4- 6 || total
-------------------------+-------+-------++-------
Melee: Dagger            |    20 |    35 ||    55
 Fire: Blowgun           |    39 |    16 ||    55
Evoke: Wand              |       |     2 ||     2
  Use: Potion            |       |     1 ||     1
 Stab: Sleeping          |    21 |     8 ||    29
  Eat: Chunk             |       |     3 ||     3
       Bread ration      |       |     1 ||     1
